 Dungeon Crawl Stone Soup version 0.29.1-15-g9cfb28693d (webtiles) character file.

Game seed: 14455551375952882853

385 Hugehornet the Shield-Bearer (level 6, -1/38 HPs)
             Began as a Gargoyle Fighter on Feb 21, 2023.
             Slain by a hobgoblin (4 damage)
             ... on level 4 of the Dungeon.
             The game lasted 00:07:05 (3052 turns).

Hugehornet the Shield-Bearer (Gargoyle Fighter)     Turns: 3052, Time: 00:07:05

Health: -1/38      AC: 14    Str: 20    XL:     6   Next: 77%
Magic:  6/6        EV:  9    Int: 10    God:
Gold:   168        SH:  4    Dex:  9    Spells: 5/5 levels left

rFire   . . .      SeeInvis .   a - +0 war axe
rCold   . . .      Faith    .   c - +0 buckler
rNeg    + . .      Spirit   .   b - +0 scale mail
rPois   ∞          Reflect  .   e - +0 helmet
rElec   +          Harm     .   (no cloak)
rCorr   .          Rampage  .   (no gloves)
Will    .....                   i - +0 pair of boots
Stlth   ..........              (no amulet)
HPRegen 0.12/turn               k - ring of flight
MPRegen 0.10/turn               (no ring)

@: flying
A: sickness immunity, AC +4, negative energy resistance 1, electricity
resistance, torment resistance 1, petrification resistance
a: no special abilities


You were on level 4 of the Dungeon.
You visited 1 branch of the dungeon, and saw 6 of its levels.
You also visited: Sewer.

You collected 168 gold pieces.

Inventory:

Hand Weapons
 a - a +0 war axe (weapon)
 m - a +0 whip
Missiles
 j - a throwing net (quivered)
Armour
 b - a +0 scale mail (worn)
 c - a +0 buckler (worn)
 e - a +0 helmet (worn)
 i - a +0 pair of boots (worn)
Jewellery
 k - a ring of flight (left hand)
Wands
 p - a wand of flame (14)
Scrolls
 f - a scroll of poison {unknown}
 o - a scroll of identify {unknown}
 q - a scroll of fear {unknown}
 s - a scroll of blinking {unknown}
 t - a scroll of enchant armour {unknown}
 u - a scroll of brand weapon {unknown}
 v - a scroll of amnesia {unknown}
Potions
 d - 2 potions of might
 g - a potion of attraction
 h - a potion of haste {unknown}
 l - a potion of magic {unknown}
 r - a potion of heal wounds {unknown}


   Skills:
 + Level 4.3 Fighting
 * Level 3.7 Axes
 * Level 5.0 Armour
 * Level 5.1 Shields


You had 5 spell levels left.
You didn't know any spells.
Your spell library was empty.

Dungeon Overview and Level Annotations

Branches:
Dungeon (6/15)              Sewer (visited)
 Temple: D:4-7

Altars:
Elyvilon


Innate Abilities, Weirdness & Mutations

You are immune to sickness and miasma.
Your stone body is resilient. (AC +4)
You are immune to poison.
You resist negative energy. (rN+)
You are resistant to electric shocks. (rElec)
You are resistant to unholy torment.
You are immune to petrification.


Message History

You closely miss the ball python. You barely miss the orc wizard.
You hit the hobgoblin. You block the ball python's attack.
The ball python constricts you.
The orc priest calls down the wrath of Beogh upon you.
You barely resist.
The orc wizard hits you but does no damage.
The hobgoblin hits you but does no damage.
The ball python barely misses you. The ball python constricts you.
You escape the ball python's grasp.
The orc wizard points at you and mumbles some strange words.
The magic dart hits you but does no damage.
The orc priest calls down the wrath of Beogh upon you.
Beogh smites you!
You hit the hobgoblin but do no damage.
The hobgoblin is heavily wounded.
You completely miss the ball python. You closely miss the orc wizard.
You hit the orc priest. The ball python bites you. The ball python grabs you.
The ball python constricts you.
The orc priest calls down the wrath of Beogh upon you.
Beogh smites you! The orc wizard barely misses you.
You block the hobgoblin's attack. The ball python barely misses you.
The ball python constricts you.
The orc priest hits you but does no damage.
The orc wizard hits you but does no damage.
The hobgoblin barely misses you.
You barely miss the orc priest.
The orc priest is moderately wounded.
You barely miss the hobgoblin. You slash the ball python!
You kill the ball python!
You completely miss the orc wizard.
The orc wizard hits you but does no damage.
The orc priest hits you with a +0 flail.
* * * LOW HITPOINT WARNING * * *
The hobgoblin hits you but does no damage.
You feel better.
The orc wizard gestures at you while chanting.
The magic dart hits you!
* * * LOW HITPOINT WARNING * * *
The hobgoblin hits you.
You die...

# .#.# #. ...
###. ..#
#...##..#
$.###.....!.#
....( ...###...
#..##o......#
####.#g@o#
#......o####.#
...#..........#
#....#######
.....### ##..#
>... ..#. ..


You could see an orc priest, 2 orc wizards and a hobgoblin.

Vanquished Creatures
  A necrophage (D:6)
  A scorpion (D:2)
  A hound (D:5)
  2 orc priests (D:5)
  An iguana (D:6)
  6 adders
  4 river rats (Sewer)
  4 endoplasms
  3 giant cockroaches
  6 goblins
  5 hobgoblins
  5 jackals
  9 kobolds
  2 quokkas (D:2)
  7 ball pythons
  7 bats
  2 frilled lizards
  13 rats
79 creatures vanquished.

Vanquished Creatures (others)
  12 plants
12 creatures vanquished.

Grand Total: 91 creatures vanquished

Notes
Turn   | Place    | Note
-------+----------+-------------------------------------------
     0 | D:1      | Hugehornet the Gargoyle Fighter began the quest for the
                  | Orb.
     0 | D:1      | Reached XP level 1. HP: 14/14 MP: 1/1
    67 | D:1      | Reached XP level 2. HP: 10/19 MP: 2/2
   274 | D:1      | Found a faded altar of an unknown god.
   478 | D:1      | Reached XP level 3. HP: 21/23 MP: 3/3
   730 | D:2      | Found a white marble altar of Elyvilon.
   963 | D:2      | Noticed a scorpion
   976 | D:2      | Killed a scorpion
   977 | D:2      | Reached XP level 4. HP: 16/28 MP: 4/4
  1446 | D:2      | Reached XP level 5. HP: 30/33 MP: 5/5
  1810 | D:3      | You are sucked into a shaft and drop 3 floors!
  2101 | D:6      | Found a glowing drain.
  2104 | D:6      | Reached XP level 6. HP: 38/38 MP: 6/6
  2112 | Sewer    | Entered a sewer
  2791 | D:5      | Entered Level 5 of the Dungeon
  2833 | D:5      | Reached skill level 5 in Armour
  2833 | D:5      | Reached skill level 5 in Shields
  3052 | D:4      | Slain by a hobgoblin

Illustrated notes

Levels and vault maps discovered:
D:1:      lordsloth_arrival_two_stooges, layout_rooms,
          chequers_ecumenical_altar_lobes, nrook_campfire
D:2:      layout_basic, basic_altar, minmay_misc_feat_cross,
          roderic_malta_cross, kennysheep_donut, minmay_misc_feat_roman,
          minmay_misc_feat_enclosed
D:3:      layout_loops_cross, minmay_misc_feat_rugged,
          minmay_stone_trees_medium, kennysheep_path_1, uniq_grinder
D:4:      layout_rooms
D:5:      layout_cave_pools, minmay_manual_mess, uniq_sigmund
D:6:      layout_basic, minmay_temple_entry_statues, gammafunk_ghost_arena,
          portal_sewer_entry_d

Skill      XL: |  1  2  3  4  5  6 |
---------------+-------------------+-----
Axes           | 2 3 |  3.7
Armour         | 4 5 |  5.0
Shields        | 4 5 |  5.1
Fighting       | 4 |  4.3

Action                   |  1- 3 |  4- 6 || total
-------------------------+-------+-------++-------
Melee: War axe           |    96 |   171 ||   267
  Use: Potion            |       |     3 ||     3
Armor: Scale mail        |    79 |   105 ||   184
Dodge: Dodged            |    72 |    91 ||   163
Block: Buckler           |    30 |    46 ||    76
